 Dungeon Crawl Stone Soup version 0.31.0-32-g396128a36d (webtiles) character file.

Game seed: 8636872458041752585

5623 Alphaeus the Grappler (level 10, -2/98 HPs)
             Began as a Troll Shapeshifter on Mar 19, 2024.
             Was a Believer of Qazlal.
             Slain by a sixfirhy (8 damage)
             ... summoned by a kobold demonologist
             ... on level 9 of the Dungeon.
             The game lasted 00:06:03 (5487 turns).

Alphaeus the Grappler (Troll Shapeshifter)          Turns: 5487, Time: 00:06:04

Health: -2/98      AC:  8    Str: 28    XL:     10   Next: 46%
Magic:  9/9        EV: 24    Int:  6    God:    Qazlal [**....]
Gold:   494        SH:  2    Dex:  9    Spells: 9/9 levels left

rFire   . .          .
                       - Unarmed
rCold   . . .        (no shield)
rNeg    . . .        a - +0 animal skin
rPois   .            (helmet currently unavailable)
rElec   .            (cloak currently unavailable)
rCorr   .            (gloves unavailable)
SInv    .            (boots unavailable)
Will    .....        l - amulet of the acrobat
Stlth   +            j - +4 ring of protection
HPRegen 1.16/turn    (no ring)
MPRegen 0.11/turn

%: acrobat
@: beast-form, acrobatic
A: beast (slay +4), large, unfitting armour, claws 3, regeneration 1, shaggy fur
1, tough skin 1
a: Begin Untransformation, Renounce Religion, Upheaval


You were on level 9 of the Dungeon.
You worshipped Qazlal.
Qazlal was pleased with you.
You were a hulking beast.
You visited 2 branches of the dungeon, and saw 10 of its levels.

You collected 494 gold pieces.

Inventory:

Missiles
 g - a throwing net (quivered)
Armour
 a - a +0 animal skin (worn)
Jewellery
 j - a +4 ring of protection (left claw)
 l - an amulet of the acrobat (around neck)
 r - an amulet of reflection
Talismans
 c - a beast talisman
 d - a flux talisman
Wands
 x - a wand of paralysis (17)
 y - a wand of mindburst (16)
 E - a wand of flame (15)
Scrolls
 e - 3 scrolls of blinking
 f - 8 scrolls of teleportation {unknown}
 h - 7 scrolls of identify {unknown}
 i - a scroll of poison {unknown}
 k - a scroll of amnesia {unknown}
 n - a scroll of enchant armour {unknown}
 p - a scroll of immolation {unknown}
 v - a scroll of butterflies {unknown}
 w - 2 scrolls of fear {unknown}
 C - a scroll of acquirement {unknown}
 D - a scroll of silence {unknown}
 H - a scroll of noise {unknown}
Potions
 b - a potion of lignification
 m - 2 potions of mutation {unknown}
 o - a potion of degeneration {unknown}
 q - a potion of invisibility {unknown}
 s - 2 potions of cancellation {unknown}
 t - 3 potions of heal wounds {unknown}
 u - a potion of might {unknown}
 z - a potion of haste {unknown}
 A - a potion of berserk rage {unknown}
 B - a potion of resistance {unknown}
 F - 3 potions of curing
 G - a potion of enlightenment {unknown}


   Skills:
 + Level 5.8 Fighting
 - Level 1.5 Dodging
 * Level 10.5 Unarmed Combat
 * Level 9.6 Shapeshifting


You had 9 spell levels left.
You didn't know any spells.
Your spell library contained the following spells:

 Spells                   Type           Power      Damage    Failure   Level
 Magic Dart               Conj           0%         1d3       45%         1
 Blink                    Tloc           0%         N/A       58%         2
 Call Imp                 Summ           0%         N/A       58%         2
 Cigotuvi's Dreadful Rot  Necr/Alch/Air  0%         N/A       58%         2
 Dazzling Flash           Conj/Hex       0%         N/A       83%         3
 Gell's Gravitas          Tloc           0%         N/A       83%         3
 Mephitic Cloud           Conj/Alch/Air  0%         N/A       83%         3
 Teleport Other           Tloc           0%         N/A       83%         3
 Ignite Poison            Fire/Alch      0%         N/A       99%         4
 Curse of Agony           Necr           0%         N/A       100%        5
 Freezing Cloud           Conj/Ice/Air   0%         6-21      100%        5
 Silence                  Hex/Air        0%         N/A       100%        5
 Dispersal                Tloc           0%         N/A       100%        6


Dungeon Overview and Level Annotations

Branches:
Dungeon (9/15)             Temple (1/1) D:6
   Lair: D:8-11         Orc: D:9-12

Altars:
Ashenzari
Cheibriados
Dithmenos
Elyvilon
Hepliaklqana
Kikubaaqudgha
Makhleb
Nemelex Xobeh
Okawaru
Qazlal
Ru
Sif Muna
Trog
Uskayaw
Vehumet
Wu Jian
Xom
Yredelemnul
The Shining One

Shops:
D:4 [

Annotations:
D:4 2 transporters


Innate Abilities, Weirdness & Mutations

You are a hulking beast.
Your limbs bulge with bestial killing power. (Slay +4)
You are too large for most types of armour.
You have claws for hands.
Your natural rate of healing is unusually fast.
You are covered in fur. (AC +1)
You have tough skin. (AC +1)


Message History

You scratch the chaos spawn.
The chaos spawn is lightly wounded.
The kobold demonologist casts a spell.
You mangle the chaos spawn!!
You kill the chaos spawn!
The chaos spawn degenerates into a cloud of primal chaos!
You closely miss the two-headed ogre. The sixfirhy closely misses you.
The sixfirhy hits you! The sixfirhy shocks you! The sixfirhy hits you!
The sixfirhy shocks you!
The two-headed ogre hits you with a +2 dire flail of protection!
The two-headed ogre hits you with a +0 giant spiked club!
* * * LOW HITPOINT WARNING * * *
The kobold demonologist hits you but does no damage.
You are too injured to fight recklessly!
You are too injured to fight recklessly!
You are too injured to fight recklessly!
You are too injured to fight recklessly!
You are too injured to fight recklessly!
You are too injured to fight recklessly!
You are too injured to fight recklessly!
You are too injured to fight recklessly!
You are too injured to fight recklessly!
You are too injured to fight recklessly!
You are too injured to fight recklessly!
You are too injured to fight recklessly!
You are too injured to fight recklessly!
Blink to where?
Press: ? - help, Dir - move target
As you read the scroll labelled LOXISY XUMAT, it crumbles to dust.
It was a scroll of blinking.
The sixfirhy misses you. The sixfirhy closely misses you.
The sixfirhy hits you! The sixfirhy shocks you!
* * * LOW HITPOINT WARNING * * *
The sixfirhy hits you!
* * * LOW HITPOINT WARNING * * *
The sixfirhy shocks you!
* * * LOW HITPOINT WARNING * * *
The sixfirhy hits you!
You die...

#.....##+#'##....................
K.O..............................
.K3..............................
.....#######...##'#####.....#+#..
.....# #...#......#.....# #..
.....# #.###......#.....###..
.....# #.#........#..........
.....#######.#'########...#......
.........K.....3h.........#.#####
..........###########.....#.#
..........# #.....#.# ..........#
#.....#.# ..........# #.....#.#
..........# #..P♣~..# #########.#
###P♣♣~.##### # #.# ♣♣♣....... #
##.# #..#......


You could see a kobold demonologist and a sixfirhy (summoned).

Vanquished Creatures
  A two-headed ogre (D:9)
  Joseph (D:7)
  2 wyverns (D:8)
  6 yaks (D:5)
  A steam dragon (D:8)
  2 water moccasins (D:6)
  2 orc warriors
  A sky beast (D:7)
  3 ice beasts
  2 black bears (D:6)
  The ghost of Jefftoothebobb the Slasher, an amateur GnCK of Xom (D:4)
  2 ogres
  2 centaurs
  A phantom (D:4)
  A kobold brigand (D:9)
  A bullfrog (D:8)
  2 scorpions
  3 wights (D:7)
  9 killer bees
  A howler monkey (D:7)
  3 jellies
  3 bombardier beetles
  7 hounds
  3 orc priests
  3 gnoll boudas
  2 sleepcaps
  An iguana (D:5)
  4 orc wizards (D:6)
  7 adders
  21 gnolls
  A shadow imp (D:5)
  4 ufetubi (D:5)
  4 dart slugs
  30 orcs
  8 bats
  5 endoplasms
  3 giant cockroaches
  12 goblins
  10 hobgoblins
  3 quokkas
  12 ball pythons
  3 frilled lizards
  16 kobolds
  5 rats
214 creatures vanquished.

Notes
Turn   | Place    | Note
-------+----------+-------------------------------------------
     0 | D:1      | Alphaeus the Troll Shapeshifter began the quest for the
                  | Orb.
     0 | D:1      | Reached XP level 1. HP: 18/18 MP: 0/0
    65 | D:1      | Reached skill level 1 in Fighting
    65 | D:1      | Reached XP level 2. HP: 27/27 MP: 1/1
   274 | D:1      | Reached XP level 3. HP: 32/33 MP: 2/2
   686 | D:2      | Reached XP level 4. HP: 41/41 MP: 3/3
   967 | D:2      | Reached skill level 4 in Unarmed Combat
  1230 | D:3      | Reached XP level 5. HP: 47/49 MP: 4/4
  1351 | D:3      | You fall into a shaft and drop 3 floors!
  1385 | D:5      | Entered Level 5 of the Dungeon
  1599 | D:3      | Found a snail-covered altar of Cheibriados.
  1611 | D:3      | Reached XP level 6. HP: 57/57 MP: 5/5
  1914 | D:4      | Found Leim's Armour Shoppe.
  1955 | D:4      | Reached skill level 5 in Unarmed Combat
  2076 | D:4      | Reached skill level 5 in Shapeshifting
  2106 | D:4      | Found a sparkling altar of Nemelex Xobeh.
  2169 | D:4      | Found a transporter.
  2177 | D:4      | Noticed a kobold demonologist
  2195 | D:4      | Found a transporter.
  2203 | D:4      | Found a runed translucent door.
  2206 | D:4      | Noticed Jefftoothebobb's ghost (amateur GnCK)
  2281 | D:4      | Reached XP level 7. HP: 46/66 MP: 6/6
  2478 | D:4      | Killed Jefftoothebobb's ghost
  2547 | D:5      | Noticed a yak
  2548 | D:5      | Noticed a yak
  2548 | D:5      | Noticed a yak
  2550 | D:5      | Noticed a yak
  2551 | D:5      | Noticed a yak
  2553 | D:5      | Noticed a yak
  2566 | D:5      | Killed a yak
  2567 | D:5      | Reached skill level 6 in Unarmed Combat
  2571 | D:5      | Killed a yak
  2576 | D:5      | Killed a yak
  2577 | D:5      | Reached XP level 8. HP: 49/75 MP: 7/7
  2580 | D:5      | Reached skill level 7 in Unarmed Combat
  2871 | D:5      | Found a burning altar of Makhleb.
  2873 | D:5      | Found a basalt altar of Yredelemnul.
  3114 | D:6      | Reached skill level 8 in Unarmed Combat
  3123 | D:6      | Reached XP level 9. HP: 75/84 MP: 8/8
  3279 | D:6      | Found a staircase to the Ecumenical Temple.
  3300 | Temple   | Entered the Ecumenical Temple
  3313 | Temple   | Became a worshipper of Qazlal Stormbringer
  3531 | D:6      | Found a hazy altar of Hepliaklqana.
  3587 | D:6      | Reached skill level 9 in Unarmed Combat
  3625 | D:7      | Found an ornate altar of the Wu Jian Council.
  3722 | D:7      | Reached skill level 5 in Fighting
  3815 | D:7      | Reached * piety under Qazlal
  3884 | D:7      | Noticed Joseph
  3894 | D:7      | Killed Joseph
  3969 | D:7      | Reached XP level 10. HP: 37/96 MP: 9/9
  4291 | D:7      | Found a sacrificial altar of Ru.
  4304 | D:7      | Found a radiant altar of Vehumet.
  4346 | D:8      | Found a shimmering blue altar of Sif Muna.
  4790 | D:8      | Reached skill level 10 in Unarmed Combat
  5158 | D:9      | Reached ** piety under Qazlal
  5350 | D:9      | Noticed a two-headed ogre
  5355 | D:9      | Killed a two-headed ogre
  5471 | D:9      | Noticed a two-headed ogre
  5475 | D:9      | Noticed a sixfirhy
  5487 | D:9      | Slain by a sixfirhy

Illustrated notes

Levels and vault maps discovered:
D:1:      saegor_arrival_simple_c, layout_rooms
D:2:      layout_loops_ring, minmay_fractal_squares_gapless_5
D:3:      layout_loops_ring, old_standard_altar, minmay_misc_feat_four_crosses
D:4:      gammafunk_wand_slinger, layout_loops_ring, nemelex_spade_bored_becter,
          serial_shops, shop, ebering_ghost_reflecting_pool
D:5:      layout_rooms, grunt_temple_overflow_open, minmay_misc_feat_diagonals,
          nicolae_zig_zag_zippers
D:6:      layout_rooms, nicolae_hepliaklqana_hippocampus,
          minmay_temple_entry_junction_2
D:7:      layout_cave_pools, overflow_temple_1_default, jmf_multi_god_temple2,
          hangedman_glass_teeth, uniq_joseph
D:8:      layout_layer_cave, mainiacjoe_overflow_tiny_flanked,
          nrook_mini_backslash
D:9:      layout_irregular_city, kennysheep_mini_moat, lair_entry_dummy,
          serial_bayou_pond_d
Temple:   zaba_magenta_temple

Skill      XL: |  1  2  3  4  5  6  7  8  9 10 |
---------------+-------------------------------+-----
Fighting       | 1 2 3 4 5 |  5.8
Unarmed Combat | 4 5 6 8 9 10 | 10.5
Shapeshifting  | 4 5 6 7 8 9 |  9.6
Dodging        | |  1.5

Action                     |  1- 3 |  4- 6 |  7- 9 | 10-12 || total
---------------------------+-------+-------+-------+-------++-------
  Melee: Unarmed           |    82 |   145 |   227 |    66 ||   520
         Punch             |       |     1 |     4 |     4 ||     9
    Use: Potion            |       |     1 |       |       ||     1
         Scroll            |       |       |       |     1 ||     1
   Stab: Distracted        |       |     1 |       |       ||     1
         Sleeping          |       |     1 |       |       ||     1
 Armour: Animal skin       |    55 |    93 |   177 |    71 ||   396
  Dodge: Dodged            |    30 |    70 |   162 |    50 ||   312
  Block: Other             |       |       |     2 |     5 ||     7
